 Dungeon Crawl Stone Soup version 0.30-a0-263-ge22c4ad894 (webtiles) character file.

Game seed: 13074769756227350580

24213 croobank the Covert (level 13, -3/117 HPs)
             Began as a Naga Venom Mage on Oct 13, 2022.
             Was an Elder of Kikubaaqudgha.
             Killed by miscasting Airstrike (15 damage)
             ... on level 3 of the Lair of Beasts.
             The game lasted 01:40:12 (13860 turns).

croobank the Covert (Naga Venom Mage)              Turns: 13860, Time: 01:40:13

Health: -3/117     AC: 16    Str: 10    XL:     13   Next: 11%
Magic:  5/25       EV:  8    Int: 26    God:    Kikubaaqudgha [****..]
Gold:   830        SH:  0    Dex: 13    Spells: 2/28 levels left

rFire   x . .      SeeInvis +    S - +3 broad axe
rCold   + . .      Faith    .    (no shield)
rNeg    . . .      Spirit   .    V - +3 ring mail {rPois}
rPois   +          Reflect  .    v - +0 helmet
rElec   .          Harm     .    (no cloak)
rCorr   .          Rampage  .    (no gloves)
Will    +....                    n - +2 barding
Stlth   ++++......               s - amulet of regeneration
HPRegen 1.19/turn                F - ring of ice
MPRegen 0.19/turn                E - +6 ring of intelligence

@: mighty, animating dead, very slightly contaminated, very slow
A: AC +4, large, see invisible, deformed body, poison resistance, slowness 2,
spit poison 1, naga tail 2
a: Spit Poison, Renounce Religion, Unearth Wretches


You were on level 3 of the Lair of Beasts.
You worshipped Kikubaaqudgha.
Kikubaaqudgha was greatly pleased with you.
You visited 3 branches of the dungeon, and saw 14 of its levels.
You also visited: Sewer.

You collected 872 gold pieces.
You spent 42 gold pieces at shops.

Inventory:

Hand Weapons
 h - a +0 trident
 j - a +1 arbalest
 x - a +2 dagger of venom
 A - a +2 dire flail of holy wrath
 C - a +1 glaive of venom
 D - a +0 morningstar
 H - a +4 spear of venom
 L - a +1 whip of flaming
 O - a +2 flail of venom
 S - a +3 broad axe (weapon)
 W - a +2 halberd
Missiles
 b - 6 javelins (quivered)
 e - 2 silver javelins
 r - 2 curare-tipped darts
 t - 3 boomerangs
 I - 6 throwing nets
Armour
 a - a +0 robe
 n - a +2 barding (worn)
 v - a +0 helmet (worn)
 N - +0 steam dragon scales
 T - a +0 buckler
 V - a +3 ring mail of poison resistance (worn)
Jewellery
 g - an amulet of reflection
 k - a ring of wizardry
 o - a +4 ring of protection
 s - an amulet of regeneration (around neck)
 E - a +6 ring of intelligence (right hand)
 F - a ring of ice (left hand)
 J - an amulet of faith
 R - a +6 ring of dexterity
Wands
 y - a wand of roots (8)
 G - a wand of polymorph (9)
 M - a wand of digging (10)
 P - a wand of flame (28)
 Y - a wand of charming (1)
Scrolls
 d - 3 scrolls of vulnerability
 f - a scroll of enchant armour
 m - 2 scrolls of butterflies
 q - 2 scrolls of poison
 u - 2 scrolls of immolation
 w - 2 scrolls of magic mapping
 z - 3 scrolls of identify
 Q - a scroll of amnesia
Potions
 c - 5 potions of curing
 i - a potion of resistance
 l - a potion of lignification
 B - 3 potions of attraction
 U - 3 potions of brilliance
 X - 2 potions of mutation {unknown}


   Skills:
 + Level 8.2 Fighting
 + Level 9.2 Axes
 - Level 6.2 Dodging
 - Level 11.7 Stealth
 + Level 8.1 Spellcasting
 - Level 4.0 Conjurations
 - Level 10.0 Necromancy
 - Level 1.2 Transmutations
 - Level 4.0 Air Magic
 + Level 6.4 Poison Magic
 + Level 1.4 Evocations


You had 2 spell levels left.
You knew the following spells:

 Your Spells              Type           Power      Damage    Failure   Level
a - Sting                 Tmut/Pois      100%       1d8       3%          1
b - Poisonous Vapours     Pois/Air       74%        N/A       2%          2
c - Mephitic Cloud        Conj/Pois/Air  35%        N/A       6%          3
d - Olgreb's Toxic Radia  Pois           44%        N/A       10%         4
e - Kiss of Death         Conj/Necr      100%       2d13      1%          1
f - Animate Dead          Necr           58%        N/A       2%          4
g - Dispel Undead         Necr           58%        3d21      2%          4
h - Vampiric Draining     Necr           58%        2d10      1%          3
i - Airstrike             Air            15%        2d(3-19)  28%         4

Your spell library contained the following spells:

 Spells                   Type           Power      Damage    Failure   Level
 Necrotise                Necr           100%       1d9       1%          1
 Sublimation of Blood     Necr           58%        N/A       1%          2
 Shock                    Conj/Air       100%       1d9       2%          1
 Static Discharge         Conj/Air       62%        2-5/arc   4%          2
 Beastly Appendage        Tmut           34%        N/A       9%          1
 Momentum Strike          Conj/Tloc      42%        3d9       10%         2
 Wereblood                Tmut           17%        N/A       13%         2
 Freeze                   Ice            60%        1d7       14%         1
 Blink                    Tloc           20%        N/A       22%         2
 Scorch                   Fire           20%        2d6       22%         2
 Agony                    Necr           58%        N/A       7%          5
 Spider Form              Tmut/Pois      30%        N/A       9%          3
 Swiftness                Air            31%        N/A       9%          3
 Hailstorm                Conj/Ice       31%        3d8       19%         3
 Stone Arrow              Conj/Erth      42%        3d9       19%         3
 Vhi's Electric Charge    Tloc/Air       42%        N/A       19%         3
 Death Channel            Necr           29%        N/A       36%         6
 Frozen Ramparts          Ice            30%        1d5       41%         3
 Lesser Beckoning         Tloc           20%        N/A       41%         3
 Borgnjor's Vile Clutch   Necr/Erth      18%        N/A       45%         5
 Flame Wave               Conj/Fire      21%        2d8       54%         4
 Summon Lightning Spire   Summ/Air       21%        N/A       54%         4
 Arcjolt                  Conj/Air       15%        1d25      61%         5
 Lightning Bolt           Conj/Air       15%        1d29      61%         5
 Alistair's Intoxication  Tmut/Pois      20%        N/A       63%         5
 Freezing Cloud           Conj/Ice/Air   18%        6-21      80%         5
 Irradiate                Conj/Tmut      12%        3d15      80%         5
 Animate Armour           Summ/Erth      20%        N/A       82%         4
 Summon Ice Beast         Ice/Summ       15%        N/A       82%         4
 Silence                  Hex/Air        10%        N/A       87%         5
 Blade Hands              Tmut           8%         N/A       94%         5
 Simulacrum               Ice/Necr       26%        N/A       96%         6
 Summon Forest            Summ/Tloc      5%         N/A       99%         5
 Eringya's Noxious Bog    Tmut/Pois      15%        N/A       99%         6
 Summon Cactus Giant      Summ           5%         N/A       100%        6
 Dragon Form              Tmut           8%         N/A       100%        7
 Malign Gateway           Summ/Tloc      5%         N/A       100%        7
 Spellforged Servitor     Conj/Summ      10%        N/A       100%        7
 Summon Hydra             Summ           5%         N/A       100%        7
 Borgnjor's Revivificati  Necr           29%        N/A       100%        8
 Lehudib's Crystal Spear  Conj/Erth      10%        10d4      100%        8
 Summon Horrible Things   Summ           5%         N/A       100%        8
 Polar Vortex             Ice            7%         N/A       100%        9


Dungeon Overview and Level Annotations

Branches:
Dungeon (10/15)            Temple (1/1) D:6            Lair (3/5) D:9
 Shoals (0/4) Lair:2       Spider (0/4) Lair:2          Orc (0/2) D:9
  Sewer (visited)

Altars:
Ashenzari
Cheibriados
Dithmenos
Elyvilon
Fedhas
Gozag
Hepliaklqana
Kikubaaqudgha
Makhleb
Nemelex Xobeh
Okawaru
Qazlal
Ru
Sif Muna
Uskayaw
Vehumet
Xom
Yredelemnul
Zin
The Shining One

Shops:
D:2 (   D:4 *

Annotations:
Lair:3 1 runed translucent door


Innate Abilities, Weirdness & Mutations

Your serpentine skin is tough. (AC +4)
You have supernaturally acute eyesight. (SInv)
Armour fits poorly on your strangely shaped body.
Your system is resistant to poisons. (rPois)
You cover ground very slowly.
You can spit poison.
You can use your snake-like lower body to constrict enemies.


Message History

You kill the blink frog!
Kikubaaqudgha accepts your kill.
The dead are hopping!
What are your orders? t - Shout!
Orders for allies: a - Attack new target. r - Retreat! s - Stop attacking. g - Guard the area. f - Follow me.
Anything else - Cancel.
Gang up on whom?
Press: ? - help, Dir - move target, f - blink frog
Aim: a blink frog (wandering, hasn't noticed you) Attack!
Casting: Airstrike (dangerous; 28% risk of failure)
Confirm with . or Enter, or press ? or * to list all spells.
Okay, then.
You swap places.
Casting: Airstrike (dangerous; 28% risk of failure)
Confirm with . or Enter, or press ? or * to list all spells.
Aiming: Airstrike (dangerous; 28% risk of failure)
Press: ? - help, Dir - move target, f/p - blink frog
Aim: a blink frog (ally target, empty space bonus: 8/8)
You miscast Airstrike.
You are very lightly contaminated with residual magic.
Sparks of electricity dance around you!
* * * LOW HITPOINT WARNING * * *
Your blink frog zombie hits the blink frog!
The blink frog closely misses your blink frog zombie.
Your blink frog zombie completely misses the blink frog.
The blink frog blinks!
The blink frog hits your blink frog zombie.
The blink frog blinks! x2
Casting: Airstrike (dangerous; 28% risk of failure)
Confirm with . or Enter, or press ? or * to list all spells.
Aiming: Airstrike (dangerous; 28% risk of failure)
Press: ? - help, Dir - move target, f/p - blink frog
Aim: a blink frog (moderately wounded, ally target, empty space bonus: 8/8)
You miscast Airstrike.
Electricity courses through your body!
You die...
Kikubaaqudgha rasps: "You have failed me!
Welcome... death!"

#.#.......#..####....##
###............##.....#
. #............##...###
..
#####...............##
...#.P.#.............###
.........§........§..#.#
.....†........F.Z.....##
................Z.....#
................@.....#
........#.............#
.......P##.....F...<.##
.#.#P.§####..........#
#....## ##.........#
..... #.#.......##
.....# ##.#.....### ..#.
#####...#Z# #.#..##


You could see 2 blink frogs and 2 friendly blink frog zombies.

Vanquished Creatures
  Harold (D:10)
  2 two-headed ogres
  2 skeletal warriors (D:9)
  Pikel (D:6)
  3 black mambas (Lair:1)
  A gargoyle (D:10)
  An unseen horror (D:10)
  An unseen horror zombie (D:9)
  3 rime drakes
  A komodo dragon (Lair:2)
  2 unseen horror skeletons (D:9)
  2 blink frogs (Lair:3)
  A culicivora (Lair:2)
  4 flying skulls (D:9)
  A jumping spider (Lair:2)
  3 shadows
  3 wraiths (D:9)
  26 yaks
  A basilisk (Lair:1)
  4 steam dragons
  A redback (Lair:2)
  Menkaure (D:5)
  12 water moccasins
  4 orc warriors
  A sky beast (D:7)
  3 black bears
  3 ice beasts
  3 wolves (Lair:1)
  An ogre (D:4)
  3 phantoms
  3 centaurs
  A lemure (D:6)
  A kobold brigand (D:7)
  4 scorpions
  A gnoll sergeant (D:9)
  4 bullfrogs
  A necrophage (D:6)
  11 wights
  14 killer bees
  3 howler monkeys (D:8)
  6 centaur zombies (D:9)
  4 hounds
  4 orc priests
  3 centaur skeletons (D:9)
  A gnoll bouda (D:9)
  5 iguanas
  8 orc wizards
  A howler monkey zombie (D:9)
  Robin (D:4)
  10 gnolls
  A howler monkey skeleton (D:9)
  17 adders
  3 white imps
  3 ufetubi
  5 worms
  3 dart slugs
  36 orcs
  An endoplasm (D:4)
  6 giant cockroaches
  19 hobgoblins
  2 quokkas
  7 ball pythons
  13 bats
  2 frilled lizards (D:3)
  17 goblins
  7 kobolds
  4 rats
327 creatures vanquished.

Vanquished Creatures (collateral kills)
  A two-headed ogre (D:8)
  Joseph (D:9)
  A merfolk siren (Lair:2)
  A cane toad (Lair:3)
  10 yaks
  A wyvern (Lair:1)
  5 water moccasins
  A black bear (D:9)
  2 wolves (Lair:1)
  A centaur (D:10)
  4 bullfrogs
  A gnoll bouda (D:10)
  2 centaur skeletons (D:9)
  3 gnolls (D:10)
  A howler monkey skeleton (D:9)
  3 adders (Lair:2)
38 creatures vanquished.

Vanquished Creatures (others)
  A water moccasin (D:9)
  A black bear (D:9)
  5 water moccasin zombies
  11 yak zombies
  A howler monkey (D:10)
  3 wolf zombies (Lair:1)
  A bullfrog zombie (Lair:3)
  A black bear zombie (D:9)
  6 adder zombies (Lair:2)
  A bat zombie (D:8)
  A hobgoblin (D:8)
  A frilled lizard (D:9)
  A frilled lizard zombie (D:9)
  A gnoll zombie (D:9)
  A hobgoblin zombie (D:9)
  4 kobolds
  5 orc zombies (D:9)
  A rat (D:10)
  39 fungi
  53 plants
138 creatures vanquished.

Grand Total: 503 creatures vanquished

Notes
Turn   | Place    | Note
-------+----------+-------------------------------------------
     0 | D:1      | croobank the Naga Venom Mage began the quest for the Orb.
     0 | D:1      | Reached XP level 1. HP: 15/15 MP: 3/3
    34 | D:1      | Upgraded the game from 0.30-a0-250-g41c1d76940 to
                  | 0.30-a0-263-ge22c4ad894
   186 | D:1      | Reached XP level 2. HP: 22/22 MP: 3/5
   240 | D:1      | Learned a level 2 spell: Poisonous Vapours
   555 | D:1      | Found a faded altar of an unknown god.
   564 | D:1      | Got Plato's Anthology of Conflict
   649 | D:1      | Reached XP level 3. HP: 21/28 MP: 3/6
   687 | D:1      | Learned a level 3 spell: Mephitic Cloud
  1130 | D:2      | Reached skill level 4 in Stealth
  1130 | D:2      | Reached XP level 4. HP: 36/36 MP: 0/7
  1362 | D:2      | Found a blossoming altar of Fedhas.
  1460 | D:2      | Found Bala's Weapon Boutique.
  1554 | D:2      | Reached skill level 5 in Poison Magic
  2237 | D:3      | Reached XP level 5. HP: 42/42 MP: 4/9
  2246 | D:3      | Found a sacrificial altar of Ru.
  3011 | D:4      | Noticed a phantom
  3019 | D:4      | Noticed a phantom
  3024 | D:4      | Noticed an ogre
  3036 | D:4      | HP: 2/42 [ogre/+0 giant spiked club (13)]
  3049 | D:4      | Killed an ogre
  3050 | D:4      | Reached skill level 1 in Conjurations
  3050 | D:4      | Reached skill level 1 in Air Magic
  3051 | D:4      | Reached XP level 6. HP: 29/49 MP: 7/11
  3088 | D:4      | Found Voblohen's General Store.
  3154 | D:4      | Reached XP level 7. HP: 55/55 MP: 9/13
  3298 | D:4      | Found a glowing drain.
  3318 | Sewer    | Entered a sewer
  3352 | Sewer    | Learned a level 4 spell: Olgreb's Toxic Radiance
  3502 | D:4      | Bought a potion of curing for 42 gold pieces
  3607 | D:4      | Found a burning altar of Makhleb.
  3686 | D:4      | Noticed Robin
  3699 | D:4      | Killed Robin
  3757 | D:4      | Found a broken altar of Ashenzari.
  3761 | D:4      | Found a blossoming altar of Fedhas.
  3765 | D:4      | Found a hide-covered altar of Uskayaw.
  3919 | D:4      | Found a sparkling altar of Nemelex Xobeh.
  4110 | D:5      | Entered Level 5 of the Dungeon
  4423 | D:5      | Reached skill level 1 in Fighting
  4432 | D:5      | Reached skill level 5 in Stealth
  4432 | D:5      | Reached XP level 8. HP: 64/64 MP: 7/14
  4707 | D:5      | Reached skill level 6 in Stealth
  4785 | D:5      | Noticed Menkaure
  4787 | D:5      | Killed Menkaure
  5128 | D:6      | Reached skill level 7 in Stealth
  5567 | D:5      | Learned a level 1 spell: Kiss of Death
  5581 | D:6      | Reached skill level 8 in Stealth
  5617 | D:5      | Reached XP level 9. HP: 56/69 MP: 15/15
  5742 | D:6      | Reached skill level 5 in Fighting
  5755 | D:6      | Found a staircase to the Ecumenical Temple.
  5770 | Temple   | Entered the Ecumenical Temple
  5791 | Temple   | Became a worshipper of Kikubaaqudgha
  6075 | D:6      | Noticed Pikel
  6085 | D:6      | Killed Pikel
  6086 | D:6      | Reached skill level 5 in Dodging
  6086 | D:6      | Reached skill level 9 in Stealth
  6334 | D:7      | Found a glowing silver altar of Zin.
  6383 | D:7      | Reached skill level 10 in Stealth
  6652 | D:7      | Found a glowing golden altar of the Shining One.
  7038 | D:8      | Reached * piety under Kikubaaqudgha
  7038 | D:8      | Received a gift from Kikubaaqudgha
  7043 | D:8      | Reached XP level 10. HP: 61/92 MP: 6/16
  7054 | D:8      | Noticed a two-headed ogre
  7060 | D:8      | Found a white marble altar of Elyvilon.
  7068 | D:8      | Reached skill level 11 in Stealth
  7247 | D:8      | Killed a two-headed ogre
  7252 | D:8      | Learned a level 4 spell: Animate Dead
  7575 | D:8      | Identified a scroll of acquirement
  7575 | D:8      | Acquired Buor's Guidebook on Shadows and Allies
  7866 | D:8      | Found an opulent altar of Gozag.
  7901 | D:8      | Found a shimmering blue altar of Sif Muna.
  8401 | D:9      | Reached skill level 1 in Necromancy
  8570 | D:9      | Got the Encyclopedia of Vapourous Venin
  8687 | D:9      | Reached skill level 5 in Spellcasting
  8758 | D:9      | Learned a level 4 spell: Dispel Undead
  8776 | D:9      | Noticed a two-headed ogre
  8792 | D:9      | Killed a two-headed ogre
  8793 | D:9      | Reached XP level 11. HP: 78/103 MP: 8/19
  8881 | D:9      | Noticed Joseph
  8914 | D:10     | Entered Level 10 of the Dungeon
  8961 | D:10     | Noticed Harold
  8973 | D:10     | Killed Harold
  8974 | D:10     | Reached skill level 5 in Necromancy
  9084 | D:10     | Noticed a two-headed ogre
  9095 | D:10     | Killed a two-headed ogre
 10273 | D:9      | Found a staircase to the Orcish Mines.
 10353 | D:9      | Reached ** piety under Kikubaaqudgha
 10366 | D:9      | Found a staircase to the Lair.
 10372 | D:9      | Noticed a skeletal warrior
 10390 | D:9      | Killed a skeletal warrior
 10391 | D:9      | Reached XP level 12. HP: 13/106 MP: 1/24
 10655 | D:9      | Reached skill level 1 in Axes
 11396 | D:9      | Killed Joseph
 11586 | Lair:1   | Entered Level 1 of the Lair of Beasts
 11727 | Lair:1   | Learned a level 3 spell: Vampiric Draining
 11732 | Lair:1   | Learned a level 4 spell: Airstrike
 11841 | Lair:1   | Reached skill level 10 in Necromancy
 12101 | Lair:1   | Reached skill level 5 in Axes
 12204 | Lair:1   | Reached *** piety under Kikubaaqudgha
 12204 | Lair:1   | Received a gift from Kikubaaqudgha
 12768 | Lair:2   | Found a hole to the Spider Nest.
 12905 | Lair:2   | Noticed a six-headed hydra
 13236 | Lair:2   | Found a staircase to the Shoals.
 13393 | Lair:2   | Gained mutation: You can use your snake-like lower body to
                  | constrict enemies. [Naga growth]
 13393 | Lair:2   | Reached XP level 13. HP: 117/117 MP: 18/25
 13564 | Lair:2   | You fall into a shaft and drop 1 floor!
 13625 | Lair:3   | Found a runed translucent door.
 13703 | Lair:3   | Reached **** piety under Kikubaaqudgha
 13704 | Lair:3   | Reached skill level 1 in Evocations
 13845 | Lair:3   | HP: 2/117 [blink frog (11)]
 13860 | Lair:3   | Killed by miscasting Airstrike

Illustrated notes

Levels and vault maps discovered:
D:1:      giann_bridges, layout_loops_ring, shapermc_ecumenical_altar_rom_forum
D:2:      layout_basic, basic_altar, serial_shops, nicolae_square_shop,
          roderic_roman_lattice
D:3:      layout_loops_corners, hangedman_ru_absence
D:4:      layout_cave_pools, grunt_temple_overflow_diamond,
          mainiacjoe_overflow_alcove_4, mainiacjoe_overflow_paths, serial_shops,
          shop_fountains, gup_sewer_entry_bowl, palyth_stone_intersect,
          uniq_robin
D:5:      layout_basic, serial_corexii_hall, chequers_hall_statues_corner_a,
          chequers_hall_statues_wall_a, corexii_hall_statues_i,
          corexii_hall_statues_i, uniq_menkaure
D:6:      layout_loops_cross, minmay_temple_entry_glass,
          minmay_fractal_squares_5, uniq_pikel
D:7:      layout_gridville, mainiacjoe_overflow_catwalk,
          mainiacjoe_overflow_24_doors, grunt_decor_arrowhead
D:8:      layout_layer_cave, overflow_temple_1_default,
          mainiacjoe_overflow_small_starburst, nicolae_overflow_hidden_temple,
          chequers_serial_rivers_small_b
D:9:      hangedman_screamer, layout_gridville, due_lair_maze_entry_diamond,
          david_orc_2, hangedman_decor_diamond_cutter, uniq_joseph
D:10:     layout_roguey, uniq_harold
Temple:   chequers_temple_sunken
Lair:1:   layout_hall_layers, chequers_serial_rivers_micro_c, grunt_megastairs_3
Lair:2:   lemuel_reptile_caves, layout_chaotic_city,
          minmay_shoals_entry_lonely_mermaid, spider_nest_entry_funnel_web,
          basic_altar
Lair:3:   dreamdust_labyrinth, layout_cave_pods, ebering_ghost_inner_flame

Skill      XL: |  1  2  3  4  5  6  7  8  9 10 11 12 13 |
---------------+----------------------------------------+-----
Dodging        | 2 4 5 6 |  6.2
Stealth        | 4 5 8 10 11 | 11.7
Poison Magic   | 5 6 |  6.4
Spellcasting   | 3 4 5 8 |  8.1
Conjurations   | 1 2 4 |  4.0
Air Magic      | 1 2 4 |  4.0
Fighting       | 1 4 6 8 |  8.2
Necromancy     | 4 8 10 | 10.0
Axes           | 8 9 |  9.2
Evocations     | 1 |  1.4
Transmutations | |  1.2

Action                   |  1- 3 |  4- 6 |  7- 9 | 10-12 | 13-15 || total
-------------------------+-------+-------+-------+-------+-------++-------
Melee: Unarmed           |    16 |       |       |       |       ||    16
       Flail             |     3 |   122 |   148 |    26 |       ||   299
       Punch             |       |     3 |     3 |     2 |     1 ||     9
       Whip              |       |       |       |    12 |       ||    12
       Morningstar       |       |       |       |     5 |       ||     5
       Glaive            |       |       |       |    80 |       ||    80
       Broad axe         |       |       |       |   113 |    13 ||   126
       Halberd           |       |       |       |    19 |       ||    19
       Dagger            |       |       |       |     1 |       ||     1
       Constrict         |       |       |       |       |     5 ||     5
 Fire: Arbalest          |       |       |   187 |    73 |       ||   260
Throw: Dart              |       |     2 |       |       |       ||     2
       Javelin           |       |     4 |     2 |       |       ||     6
       Boomerang         |       |     2 |       |       |       ||     2
       Throwing net      |       |       |       |     1 |       ||     1
 Cast: Sting             |    18 |     1 |     8 |     7 |       ||    34
       Poisonous Vapours |     9 |    29 |    27 |    28 |       ||    93
       Mephitic Cloud    |       |     6 |    27 |    10 |       ||    43
       Olgreb's Toxic Ra |       |       |     4 |    27 |     2 ||    33
       Animate Dead      |       |       |       |    33 |     3 ||    36
       Dispel Undead     |       |       |       |    34 |       ||    34
       Airstrike         |       |       |       |    12 |     3 ||    15
       Vampiric Draining |       |       |       |     3 |     2 ||     5
       Kiss of Death     |       |       |       |     1 |       ||     1
Invok: Unearth Wretches  |       |       |       |     4 |       ||     4
 Abil: Spit Poison       |    24 |    23 |    22 |    14 |     2 ||    85
  Use: Potion            |       |     7 |       |     9 |     4 ||    20
       Scroll            |       |     4 |    11 |    24 |     1 ||    40
 Stab: Confused          |       |     3 |       |     1 |       ||     4
       Invisible         |       |       |       |     1 |       ||     1
       Distracted        |       |       |       |     5 |       ||     5
       Paralysed         |       |       |       |     2 |       ||     2
       Sleeping          |       |       |       |     1 |       ||     1
Armor: Robe              |    17 |   114 |   216 |       |       ||   347
       Skin              |       |   119 |       |       |       ||   119
       Steam dragon scal |       |       |    31 |   321 |       ||   352
       Ring mail         |       |       |       |   104 |    17 ||   121
Dodge: Dodged            |    23 |    65 |   183 |   407 |    16 ||   694

Table legend: (Time is in decaauts)
 A = Elapsed time spent in this place.
 B = Non-inter-level travel time spent in this place.
 C = Inter-level travel time spent in this place.
 D = Time resting spent in this place.
 E = Time spent auto-exploring this place.
 F = Levels seen in this place.
 G = Mean time per level.
                   A        B        C        D        E       F      G
               +--------+--------+--------+--------+--------+-----+--------+
         Total |  17591 |  16997 |    594 |   1706 |  11063 |  15 | 1172.7 |
       Dungeon |  14614 |  14071 |    543 |   1559 |   8978 |  10 | 1461.4 |
        Temple |     52 |     32 |     20 |      0 |     14 |   1 |   52.0 |
          Lair |   2756 |   2726 |     30 |    117 |   2023 |   3 |  918.7 |
         Sewer |    168 |    168 |      0 |     30 |     47 |   1 |  168.0 |
               +--------+--------+--------+--------+--------+-----+--------+

Top non-repeatable levels by time:
     D:9: 2765 daAuts
     D:8: 1759 daAuts
     D:5: 1571 daAuts
     D:3: 1362 daAuts
  Lair:1: 1311 daAuts
     D:4: 1265 daAuts
     D:2: 1258 daAuts
    D:10: 1204 daAuts
     D:6: 1200 daAuts
     D:1: 1197 daAuts
  Lair:2: 1055 daAuts
     D:7: 1029 daAuts
  Lair:3: 389 daAuts
   Sewer: 168 daAuts
  Temple: 52 daAuts
